 Dungeon Crawl Stone Soup version 0.28.0-47-ge53b351184 (webtiles) character file.

Game seed: 18318722308763295400

317 GigaChad the Skirmisher (level 6, -5/51 HPs)
             Began as a Palentonga Fighter on Apr 27, 2022.
             Was a Priest of Cheibriados.
             Slain by a gnoll
             ... wielding a +0 spear
              (6 damage)
             ... on level 3 of the Dungeon.
             The game lasted 00:14:39 (2784 turns).

GigaChad the Skirmisher (Palentonga Fighter)        Turns: 2784, Time: 00:14:40

Health: -5/51      AC:  8    Str: 26    XL:     6   Next: 20%
Magic:  6/6        EV:  6    Int: 15    God:    Cheibriados [***...]
Gold:   119        SH:  5    Dex: 19    Spells: 5/5 levels left

rFire   . . .      SeeInvis +   a - +0 long sword
rCold   . . .      Faith    .   c - +0 buckler
rNeg    . . .      Spirit   .   i - +0 chain mail
rPois   .          Reflect  .   (no helmet)
rElec   .          Harm     .   (no cloak)
rCorr   .          Rampage  .   (no gloves)
Will    .....                   (no barding)
Stlth   ..........              (no amulet)
HPRegen 0.17/turn               m - ring of see invisible
MPRegen 0.10/turn               (no ring)

@: very slow
A: large, rugged brown scales 3, see invisible, deformed body, roll 1, armoured
tail
a: Rolling Charge, Renounce Religion, Bend Time, Temporal Distortion


You were on level 3 of the Dungeon.
You worshipped Cheibriados.
Cheibriados was most pleased with you.
You visited 1 branch of the dungeon, and saw 3 of its levels.

You collected 119 gold pieces.

Inventory:

Hand Weapons
 a - a +0 long sword (weapon)
 j - a +0 scythe
Armour
 b - a +0 scale mail
 c - a +0 buckler (worn)
 i - a +0 chain mail (worn)
Jewellery
 m - a ring of see invisible (left hand)
Wands
 p - a wand of flame (15)
Scrolls
 l - a scroll of teleportation {unknown}
 n - a scroll of amnesia
 o - 2 scrolls of immolation
Potions
 d - a potion of might
 e - a potion of degeneration
 f - 4 potions of curing {unknown}
 g - a potion of haste {unknown}
 h - a potion of mutation {unknown}
 k - a potion of resistance {unknown}


   Skills:
 + Level 4.2 Fighting
 + Level 4.2 Long Blades
 + Level 3.4 Armour
 + Level 0.5 Dodging
 + Level 0.2 Stealth
 + Level 3.1 Shields


You had 5 spell levels left.
You didn't know any spells.
Your spell library contained the following spells:

 Spells                   Type           Power      Damage    Failure   Level
 Ensorcelled Hibernation  Hex/Ice        0%         N/A       97%         2
 Passwall                 Tmut/Erth      0%         N/A       97%         2
 Swiftness                Air            0%         N/A       99%         3


Dungeon Overview and Level Annotations

Branches:
Dungeon (3/15)

Altars:
Cheibriados


Innate Abilities, Weirdness & Mutations

You are completely covered in rugged brown scales. (AC +3, +7% HP)
You have supernaturally acute eyesight. (SInv)
Armour fits poorly on your strangely shaped body.
You can roll at nearby foes to attack.
You have a long armoured tail.


Message History

You hit the gnoll.
The gnoll is heavily wounded.
The gnoll hits you but does no damage.
The gnoll hits you from afar with a +0 spear.
You block the gnoll's attack.
The gnoll sergeant hits you but does no damage.
The gnoll barely misses you. x2
You slash the gnoll!
You kill the gnoll!
Cheibriados appreciates the change of pace.
The gnoll sergeant hits you from afar with a +0 spear!
The gnoll hits you but does no damage. The gnoll hits you with a +0 spear.
You hit the endoplasm.
The endoplasm is heavily wounded.
The endoplasm hits you but does no damage.
The gnoll sergeant hits you from afar with a +0 spear.
The gnoll hits you but does no damage. The gnoll barely misses you.
You hit the endoplasm.
You kill the endoplasm!
Cheibriados appreciates the change of pace.
The gnoll sergeant hits you from afar with a +0 spear.
The gnoll hits you but does no damage. The gnoll hits you with a +0 spear.
The gnoll hits you but does no damage.
You slash the gnoll!
The gnoll is severely wounded.
The gnoll sergeant hits you from afar with a +0 spear.
The gnoll hits you with a +0 spear.
The gnoll hits you from afar with a +0 spear.
The gnoll hits you with a +0 flail.
* * * LOW HITPOINT WARNING * * *
The gnoll hits you with a +0 spear.
* * * LOW HITPOINT WARNING * * *
You block the gnoll's attack.
The gnoll sergeant hits you from afar with a +0 spear!
* * * LOW HITPOINT WARNING * * *
You hit the gnoll.
The gnoll is severely wounded.
The gnoll barely misses you. You block the gnoll sergeant's attack.
The gnoll hits you from afar with a +0 spear.
You die...

#........
#........
#........ ...
#........ ..
#........ ..
#........ ...
#.gg..... ###...
#ggg$.... #... #
#@#######+###'####
#.# ##.##......
#.######...#......
#>.....'...'......
#.######...#......
#.# #...#......
#.# ##'##......
#.#######.########
#.#.......#


You could see a gnoll sergeant and 4 gnolls.

Vanquished Creatures
  Sigmund (D:2)
  An orc wizard (D:3)
  A gnoll (D:3)
  5 adders
  An adder skeleton (D:3)
  4 orcs (D:3)
  3 bats
  6 endoplasms
  2 giant cockroaches (D:1)
  7 goblins
  6 hobgoblins
  3 jackals (D:1)
  A quokka (D:1)
  5 ball pythons
  8 frilled lizards
  8 kobolds
  4 rats
66 creatures vanquished.

Notes
Turn   | Place    | Note
-------+----------+-------------------------------------------
     0 | D:1      | GigaChad the Palentonga Fighter began the quest for the
                  | Orb.
     0 | D:1      | Reached XP level 1. HP: 19/19 MP: 1/1
    39 | D:1      | Found a faded altar of an unknown god.
    80 | D:1      | Prayed at the altar of an unknown god.
    80 | D:1      | Became a worshipper of Cheibriados the Contemplative
    80 | D:1      | Reached * piety under Cheibriados
   197 | D:1      | Reached XP level 2. HP: 8/25 MP: 2/2
   723 | D:1      | Reached ** piety under Cheibriados
   841 | D:2      | Reached XP level 3. HP: 26/31 MP: 3/3
  1113 | D:2      | Noticed Sigmund
  1122 | D:2      | Killed Sigmund
  1123 | D:2      | Reached XP level 4. HP: 24/39 MP: 4/4
  1123 | D:2      | Reached XP level 5. HP: 27/44 MP: 5/5
  1951 | D:3      | Reached *** piety under Cheibriados
  1952 | D:3      | Reached XP level 6. HP: 16/51 MP: 6/6
  2783 | D:3      | HP: 1/51 [gnoll sergeant/+0 spear (8)]
  2784 | D:3      | Slain by a gnoll

Illustrated notes

Levels and vault maps discovered:
D:1:      psy_arrival_fountain, layout_basic, basic_ecumenical_altar,
          grunt_decor_junction, hangedman_decor_clover_reticule
D:2:      layout_loops_ring, uniq_sigmund, uniq_crazy_yiuf_cottage
D:3:      layout_basic, minmay_misc_feat_pillars

Skill      XL: |  1  2  3  4  5 |
---------------+----------------+-----
Long Blades    | 3 4 |  4.2
Armour         | 3 |  3.4
Shields        | 3 |  3.1
Fighting       | 4 |  4.2
Dodging        | |  0.5
Stealth        | |  0.2

Action                   |  1- 3 |  4- 6 || total
-------------------------+-------+-------++-------
Melee: Long sword        |    84 |   103 ||   187
       Tailslap          |     5 |     5 ||    10
Invok: Bend Time         |       |     1 ||     1
  Use: Scroll            |     2 |     3 ||     5
Armor: Scale mail        |    33 |       ||    33
       Chain mail        |    24 |    75 ||    99
Dodge: Dodged            |    31 |    47 ||    78
Block: Buckler           |    30 |    40 ||    70
